AoeStats
← mahan13138141

Baltic

510877287Analyzed
2v2 RM · 7h ago on Oct 2, 2026· 33m 58s· 4 players
Game mode
Random Map
Map size
Medium (4 player)
Population
200
Speed
Normal
Resources
Standard
Victory
Conquest
Starting age
Dark Age
Ending age
Imperial Age
RankedLock teamsTeams togetherTeam positionsShared explorationLock speedFull tech treeHidden civsTurbo modeCheats
Victory
Defeat
🇵🇾 Magyars · Paraguay
854
+14
🇵🇾 Portuguese · Paraguay
852
+14
🇺🇸 Portuguese · United States
828
-38
🇺🇸 Vikings · United States
779
-24
Askeladd
11:09 Feudal Age
11:14 Loom
13:12 Wheelbarrow
17:37 Double-Bit Axe
18:25 Bloodlines
20:29 Scale Barding Armor
24:00 Castle Age
24:11 Light Cavalry
24:54 Husbandry
27:18 Hand Cart
28:51 Horse Collar
29:24 Bow Saw
kamussh707
3:29 Loom
11:18 Feudal Age
20:24 Horse Collar
25:35 Castle Age
26:43 Medium Warships
30:58 Fletching
35:08 Imperial Age
mahan13138141
1:44 Loom
15:42 Feudal Age
17:28 Wheelbarrow
16:39 Town Watch
26:58 Castle Age
FAZE RADIN
1:27 Loom
13:21 Feudal Age
14:42 Town Watch
16:02 Fishing Lines
16:27 Double-Bit Axe
28:33 Castle Age
Connection lost

Rejoining the realm…

Still unreachable

The connection could not be restored.

Session expired

The server has moved on; the page needs a fresh start.